 Dungeon Crawl Stone Soup version 0.28.0-45-g0d030f2227 (webtiles) character file.

Game seed: 2216005591776890467

285724 Pemander the Eclecticist (level 21, -18/153 HPs)
             Began as a Djinni Fire Elementalist on Apr 14, 2022.
             Was the Champion of Makhleb.
             Demolished by a war gargoyle
             ... wielding a +1 great mace of holy wrath
             ... led by a peacekeeper
              (40 damage)
             ... on level 2 of the Vaults on Apr 21, 2022.
             The game lasted 02:07:38 (46282 turns).

Pemander the Eclecticist (DjFE)                    Turns: 46282, Time: 02:07:38

Health: -18/153    AC: 23    Str:  7    XL:     21   Next: 50%
Gold:   3177       EV: 31    Int: 29    God:    Makhleb [******] SH:  5 Dex: 17

rFire   . . .      SeeInvis +     - Unarmed
rCold   . . .      Faith    .   (shield currently unavailable)
rNeg    . . .      Spirit   .   (armour currently unavailable)
rPois   ∞          Reflect  +   (helmet currently unavailable)
rElec   +          Harm     .   (cloak currently unavailable)
rCorr   .          Rampage  .   (gloves currently unavailable)
Will    ++...                   (boots unavailable)
Stlth   ++++++....              K - amulet of reflection
HPRegen 0.35/turn               O - ring of see invisible
MPRegen 0.00/turn               w - +4 ring of protection

@: storm-form, flying
A: cleaving, flying, sickness immunity, (fire resistance 2), (cold vulnerability
1), float, innate caster, HP casting, extra vitality 1, (claws 1), thin skeletal
structure 1, clever 1
}: 2/15 runes: decaying, gossamer
a: Blinkbolt, End Transformation, Renounce Religion, Minor Destruction, Lesser
Servant of Makhleb, Major Destruction, Greater Servant of Makhleb


You were on level 2 of the Vaults.
You worshipped Makhleb.
Makhleb was exalted by your worship.
You were a lightning-filled tempest!
You visited 7 branches of the dungeon, and saw 34 of its levels.
You also visited: Ossuary.

You collected 3463 gold pieces.
You spent 286 gold pieces at shops.

Inventory:

Hand Weapons
 Q - a +4 demon trident of electrocution
 U - the +1 battleaxe of the Many Continents {protect, Int+6}
   (You found it on level 1 of the Vaults)

   It grants its wielder temporary protection when it strikes (+7 to AC).
   Int:       It affects your intelligence (+6).
Armour
 m - a +2 cloak (melded)
 o - the +2 robe of Restlessness (melded) {Fly rElec Regen+ Slay-2}
   (You found it on level 13 of the Dungeon)

   Slay:      It affects your accuracy & damage with ranged weapons and melee
   (-2).
   rElec:     It insulates you from electricity.
   Fly:       It grants you flight.
   Regen:     It increases your rate of health regeneration.
 v - the +0 leather armour of Koavax {-Tele Will+++ Regen+ Int+4}
   (You found it on level 3 of the Spider Nest)

   Int:       It affects your intelligence (+4).
   -Tele:     It prevents most forms of teleportation.
   Regen:     It increases your rate of health regeneration.
   Will:      It greatly increases your willpower.
 I - a +3 buckler of reflection (melded)
 P - a +2 pair of gloves of stealth (melded)
 R - a +1 pair of gloves of dexterity
Magical Staves
 y - a staff of earth
 G - a staff of conjuration (melded)
Jewellery
 g - a ring of protection from cold
 w - a +4 ring of protection (right fist)
 A - a ring of resist corrosion
 F - a ring of positive energy
 K - an amulet of reflection (around neck)
 O - a ring of see invisible (left fist)
Wands
 d - a wand of digging (20)
 h - a wand of flame (64)
 j - a wand of acid (31)
 l - a wand of polymorph (10)
 D - a wand of iceblast (14)
 H - a wand of charming (6)
 S - a wand of paralysis (10)
 T - a wand of mindburst (12)
Scrolls
 b - 5 scrolls of teleportation
 c - 23 scrolls of identify
 k - a scroll of vulnerability
 q - 5 scrolls of blinking
 r - a scroll of enchant armour
 u - 3 scrolls of fear
 z - 3 scrolls of holy word
 B - 2 scrolls of summoning
 L - 4 scrolls of fog
 M - a scroll of enchant weapon
 N - 2 scrolls of brand weapon
Potions
 a - 5 potions of heal wounds
 e - 12 potions of curing
 f - 3 potions of resistance {unknown}
 i - 8 potions of lignification
 n - 5 potions of cancellation
 p - 3 potions of might {unknown}
 s - a potion of haste
 t - 2 potions of invisibility
 x - 3 potions of magic {unknown}
 C - 4 potions of mutation
 E - 13 potions of ambrosia
 J - 3 potions of brilliance {unknown}


   Skills:
 - Level 14.4 Fighting
 - Level 15.8 Dodging
 - Level 10.6 Stealth
 - Level 5.5 Shields
 + Level 8.2 Unarmed Combat
 - Level 20.0 Spellcasting
 - Level 10.0 Invocations


You had 2 spell levels left.
You knew the following spells:

 Your Spells              Type           Power      Damage    Failure   Level
a - Foxfire               Conj/Fire      100%       2x1d9     0%          1
b - Scorch                Fire           100%       2d10      0%          2
c - Conjure Flame         Conj/Fire      98%        6-21      0%          3
d - Inner Flame           Hex/Fire       98%        N/A       0%          3
e - Flame Wave            Conj/Fire      98%        2d16      0%          4
f - Sandblast             Erth           100%       2d20      0%          1
g - Wereblood             Tmut           98%        N/A       0%          2
h - Passwall              Tmut/Erth      81%        N/A       0%          2
i - Sticky Flame          Conj/Fire      98%        2d11      0%          4
j - Silence               Hex/Air        49%        N/A       0%          5
k - Lee's Rapid Deconstr  Erth           49%        3d24*     0%          5
l - Conjure Ball Lightni  Conj/Air       49%        3x3d17    1%          6
m - Starburst             Conj/Fire      49%        6d13      1%          6
n - Haunt                 Necr/Summ      49%        N/A       1%          7
o - Storm Form            Tmut/Air       49%        N/A       1%          7
Your spell library was empty.

Dungeon Overview and Level Annotations

Branches:
Dungeon (15/15)            Temple (1/1) D:5            Lair (6/6) D:10
  Swamp (4/4) Lair:2       Spider (4/4) Lair:3        Slime (0/5) Lair:5
    Orc (2/2) D:11            Elf (0/3) Orc:2        Vaults (2/5) D:14
  Crypt (0/3) Vaults:2     Depths (0/4) D:15        Ossuary (visited)

Altars:
Ashenzari
Cheibriados
Dithmenos
Elyvilon
Fedhas
Gozag
Hepliaklqana
Kikubaaqudgha
Makhleb
Nemelex Xobeh
Okawaru
Qazlal
Ru
Sif Muna
Trog
Uskayaw
Vehumet
Wu Jian
Xom
Yredelemnul
Zin
The Shining One

Shops:
D:5 *   D:14 (   Orc:2 (*[=

Annotations:
D:5 2 transporters, Juicyj's ghost, amateur FoFi
D:6 4 transporters, dornbeast's ghost, amateur DsDe
Lair:2 exclusion: oklob plant


Innate Abilities, Weirdness & Mutations

You are a lightning-filled tempest!
Your electrical attacks strike out in all directions at once.
You are incredibly evasive.
You are flying.
Your armour is entirely melded.
You are incapable of wielding weapons or throwing items.
You are immune to sickness and miasma.
You are immune to poison.
((Your flesh is very heat resistant. (rF++)))
((You are vulnerable to cold. (rC-)))
You float through the air rather than walking.
You learn spells naturally, not from books.
Your magical power is your life essence.
You have superior vitality. (+4 MHP)
((You have sharp fingernails.))
You have a somewhat thin skeletal structure. (Dex +2, Stealth+)
Your mind is acute. (Int +2)


Message History

You feel better.
You buffet the peacekeeper!
You hit the war gargoyle. The war gargoyle completely misses you.
You block the peacekeeper's attack. The peacekeeper barely misses you.
The war gargoyle hits you with a +1 great mace of holy wrath.
You batter the peacekeeper!!
The peacekeeper is severely damaged.
You hit the war gargoyle but do no damage.
The peacekeeper barely misses you. The peacekeeper closely misses you.
The war gargoyle completely misses you. The peacekeeper completely misses you.
You block the peacekeeper's attack.
Unknown command.
You buffet the peacekeeper!
You destroy the peacekeeper!
Makhleb accepts your kill.
You feel better.
You buffet the war gargoyle!
The war gargoyle hits you with a +1 great mace of holy wrath!!
Unknown command.
You hit the war gargoyle.
The war gargoyle is moderately damaged.
The war gargoyle completely misses you.
The war gargoyle launches metal splinters at you.
The spray of metal splinters hits you!!!
You are too injured to fight recklessly!
You are too injured to fight recklessly!
Casting: Storm Form (mildly dangerous; 1% risk of failure)
Confirm with . or Enter, or press ? or * to list all spells.
Casting: Starburst (safe; 1% risk of failure)
Press: ? - help, Dir - look around, f - activate The bolt of fire hits the war gargoyle!
The war gargoyle resists.
The war gargoyle is heavily damaged.
The war gargoyle hits you with a +1 great mace of holy wrath!!!
* * * LOW HITPOINT WARNING * * *
Unknown command.
Unknown command.
Casting: Starburst (safe; 1% risk of failure)
Confirm with . or Enter, or press ? or * to list all spells.
Okay, then.
You feel much better.
The war gargoyle hits you with a +1 great mace of holy wrath!!!
You die...

#....# #.......##...
#....##### #### #.......##...
#....'...###).# #.......##...
#....#.<.'.'..# #.......##...
#....#...#'##########+#####...
#....#####.'.# ....... #...
#....##.'.#####....... #...
#)...##'#'#...9)...... #...
#....#..'.'..v#....... #...
#....'..###...#....... #...
#....#### #####....... #...
#....# ....... #... #....#
....... #... #....# #######
#... ####....#### #######...
............ ..........
............. ..........


You could see a war gargoyle (strong, catching breath).

Vanquished Creatures
  Nikola (Vaults:1)
  Jorgrun (D:12)
  Frances (D:14)
  A sphinx (Vaults:1)
  An ancient champion (Vaults:2)
  Gastronok (Orc:1)
  A storm dragon (D:14)
  Roxanne (D:14)
  A frost giant (D:14)
  5 vault wardens
  2 emperor scorpions
  3 ghouls
  5 ghost moths
  A war gargoyle (Vaults:2)
  7 ironbound preservers
  A broodmother (Spider:1)
  3 eleionomae
  An ironbound thunderhulk (Vaults:2)
  Nessos (D:14)
  4 bunyips
  9 entropy weavers
  7 dire elephants
  6 spark wasps
  3 ettins
  Josephine (D:13)
  A deep elf high priest (Vaults:1)
  4 shambling mangroves
  3 yaktaur captains
  29 hydras
  A peacekeeper (Vaults:2)
  10 boulder beetles
  A radroach (Spider:4)
  4 jorogumos
  3 catoblepae
  2 ghost crabs
  4 ironbound frosthearts (Vaults:1)
  10 centaur warriors
  A two-headed ogre (shapeshifter) (D:14)
  5 two-headed ogres
  8 alligators
  A death scarab (Spider:4)
  20 death yaks
  2 tengu warriors
  A deep troll earth mage (D:14)
  4 orc high priests
  Sonja (Lair:3)
  2 sun moths (Spider:4)
  A deep elf knight (D:13)
  A death drake (shapeshifter) (D:14)
  4 skeletal warriors
  A fire crab (Lair:5)
  6 pharaoh ants
  12 steelbarb worms
  4 goliath frogs
  6 spriggan druids
  An orange crystal statue (Vaults:1)
  An orb spider (shapeshifter) (Vaults:1)
  27 deep trolls
  A bog body (Lair:2)
  6 swamp dragons
  6 wizards
  A phantasmal warrior (D:14)
  8 orb spiders
  2 necromancers
  A deep elf zephyrmancer (D:15)
  3 deep elf pyromancers
  8 orc knights
  14 wolf spiders
  7 orc sorcerers
  2 lindwurms (Vaults:1)
  27 ugly things
  A cyclops (shapeshifter) (D:14)
  5 ironbound convokers
  A will-o-the-wisp (Swamp:3)
  A manticore (Lair:6)
  11 cyclopes
  8 moths of wrath
  15 elephants
  4 vault sentinels
  4 black mambas
  9 torpor snails
  A guardian serpent (Lair:4)
  12 cane toads
  4 gargoyles
  An efreet (D:15)
  8 demonic crawlers
  9 komodo dragons
  A freezing wraith (D:14)
  A yaktaur (shapeshifter) (D:13)
  7 rime drakes
  10 yaktaurs
  A human skeleton (Vaults:1)
  A tengu conjurer (D:14)
  3 unseen horrors
  4 tyrant leeches
  A queen bee (Lair:5)
  5 polar bears
  26 meliai
  2 bloated husks
  16 tarantellas
  8 trolls
  8 blink frogs
  24 hornets
  24 slime creatures
  An ettin zombie (Vaults:1)
  A meliai zombie (D:11)
  7 dream sheep
  A fire giant simulacrum (Vaults:1)
  A culicivora (shapeshifter) (D:14)
  21 jumping spiders
  24 culicivoras
  2 shadows
  A centaur simulacrum (D:10)
  29 spriggans
  A vampire (D:9)
  A wyvern (D:10)
  4 basilisks
  43 yaks
  7 wraiths
  50 redbacks
  3 steam dragons
  8 vampire mosquitoes
  5 wargs
  A naga (shapeshifter) (D:14)
  20 swamp worms
  15 water moccasins
  23 orc warriors
  2 sky beasts (D:8)
  An ice beast (D:5)
  6 swamp drakes (Swamp:4)
  4 black bears
  A hornet zombie (D:6)
  8 ogres
  2 necrophages (Swamp:3)
  9 boggarts
  5 centaurs
  50 wolves
  A kobold brigand (D:9)
  19 bullfrogs
  2 gnoll sergeants (D:12)
  A wyvern zombie (D:6)
  5 scorpions
  2 water moccasin zombies
  A water moccasin skeleton (D:4)
  32 killer bees
  6 wights
  6 electric eels
  8 howler monkeys
  5 jellies
  8 centaur zombies
  4 hounds
  A gnoll shaman (D:6)
  18 orc priests
  4 bullfrog skeletons
  A centaur skeleton (D:5)
  4 iguanas
  26 orc wizards
  A hound zombie (D:5)
  4 mummies (Ossuary)
  3 howler monkey zombies
  13 gnolls
  4 adders
  A shadow imp (D:5)
  2 white imps (D:6)
  2 worms (D:2)
  62 orcs
  5 ball pythons
  6 endoplasms
  A giant cockroach (D:3)
  3 goblins
  3 hobgoblins
  2 jackals (D:1)
  3 quokkas
  3 bats (D:1)
  2 frilled lizards (D:1)
  A goblin zombie (Ossuary)
  A hobgoblin zombie (Ossuary)
  7 kobolds
  2 kobold zombies (Ossuary)
  An orc zombie (Ossuary)
  4 rats
  A bush (Lair:5)
  A foxfire (Lair:3)
1220 creatures vanquished.

Vanquished Creatures (collateral kills)
  Frederick (Vaults:2)
  2 tentacled monstrosities
  Asterion (Spider:1)
  A fire giant (Vaults:1)
  Louise (Spider:4)
  2 bunyips
  A hydra (Swamp:1)
  An ogre mage (Vaults:1)
  An alligator (Swamp:4)
  2 spriggans
  A goliath frog (Swamp:1)
  A swamp dragon (Swamp:2)
  A bog body (Swamp:1)
  A wolf spider (Spider:1)
  A will-o-the-wisp (Swamp:1)
  A demonic crawler (Spider:4)
  A meliai (Spider:4)
  A tyrant leech (Swamp:1)
  A bloated husk (Swamp:2)
  2 hornets
  A swamp worm (Swamp:1)
  6 ball lightnings
  7 foxfires
38 creatures vanquished.

Vanquished Creatures (others)
  2 spriggans (Swamp:4)
  A goliath frog (Swamp:4)
  2 ugly things
  A yaktaur (Vaults:2)
  A bloated husk (Swamp:4)
  A hornet (Swamp:4)
  A sky beast (D:8)
  A centaur (D:15)
  294 ball lightnings
  1326 foxfires
  47 fungi
  59 plants
1736 creatures vanquished.

Grand Total: 2994 creatures vanquished

Notes
Turn   | Place    | Note
-------+----------+-------------------------------------------
     0 | D:1      | Pemander the Djinni Fire Elementalist began the quest for
                  | the Orb.
     0 | D:1      | Reached XP level 1. HP: 15/15 MP: 0/0
   538 | D:1      | Reached XP level 2. HP: 12/21 MP: 0/0
  1051 | D:1      | Reached skill level 3 in Spellcasting
  2010 | D:2      | Reached XP level 3. HP: 23/25 MP: 0/0
  2010 | D:2      | Learned a level 1 spell: Sandblast
  3311 | D:3      | Noticed an ogre
  3333 | D:3      | Killed an ogre
  3334 | D:3      | Reached skill level 4 in Spellcasting
  3334 | D:3      | Reached XP level 4. HP: 3/31 MP: 0/0
  3334 | D:3      | Reached XP level 5. HP: 4/35 MP: 0/0
  3334 | D:3      | Learned a level 2 spell: Wereblood
  4148 | D:4      | Found a broken altar of Ashenzari.
  4213 | D:4      | Reached XP level 6. HP: 35/40 MP: 0/0
  4306 | D:4      | Reached skill level 5 in Spellcasting
  4995 | D:4      | Reached XP level 7. HP: 41/45 MP: 0/0
  4995 | D:4      | Learned a level 2 spell: Passwall
  5231 | D:4      | Reached skill level 6 in Spellcasting
  5655 | D:4      | Found an ornate altar of the Wu Jian Council.
  6008 | D:5      | Entered Level 5 of the Dungeon
  6226 | D:5      | Reached XP level 8. HP: 17/50 MP: 0/0
  6784 | D:5      | Reached skill level 7 in Spellcasting
  6896 | D:5      | Found Nufiuhoi's Assorted Antiques.
  7052 | D:5      | Found a staircase to the Ecumenical Temple.
  7063 | Temple   | Entered the Ecumenical Temple
  7324 | D:5      | Found a transporter.
  7327 | D:5      | Noticed Juicyj's ghost (amateur FoFi)
  7391 | D:5      | Found a transporter.
  7408 | D:5      | Reached skill level 1 in Fighting
  7878 | D:6      | Found a transporter.
  7883 | D:6      | Found a transporter.
  7884 | D:6      | Noticed dornbeast's ghost (amateur DsDe)
  7885 | D:6      | Noticed a hornet
  8236 | D:6      | Found a snail-covered altar of Cheibriados.
  8238 | D:6      | Found a glowing silver altar of Zin.
  8238 | D:6      | Noticed a manticore
  8251 | D:6      | Found a transporter.
  8251 | D:6      | Noticed a boulder beetle
  8262 | D:6      | Found a transporter.
  8563 | D:6      | Reached skill level 5 in Dodging
  8563 | D:6      | Reached XP level 9. HP: 52/62 MP: 0/0
  8563 | D:6      | Learned a level 4 spell: Sticky Flame
  8883 | D:6      | Found a hide-covered altar of Uskayaw.
  8961 | D:6      | Reached skill level 8 in Spellcasting
  9702 | D:6      | Reached skill level 9 in Spellcasting
 10202 | D:7      | Reached XP level 10. HP: 64/67 MP: 0/0
 10778 | D:7      | Found a sand-covered staircase.
 10787 | Ossuary  | Entered an ossuary
 12057 | D:8      | Reached skill level 10 in Spellcasting
 12784 | D:8      | Found a blossoming altar of Fedhas.
 13339 | D:9      | Reached skill level 11 in Spellcasting
 13396 | D:9      | Reached XP level 11. HP: 30/73 MP: 0/0
 13396 | D:9      | Learned a level 5 spell: Silence
 13702 | D:9      | Identified the +1 ring mail of Xuydufink {rPois}
 13869 | D:9      | Reached skill level 12 in Spellcasting
 14024 | D:9      | Noticed a skeletal warrior
 14059 | D:10     | Entered Level 10 of the Dungeon
 14177 | D:10     | Found a glowing golden altar of the Shining One.
 14267 | D:10     | Noticed a death yak
 14269 | D:10     | Noticed a death yak
 14287 | D:10     | Killed a death yak
 14291 | D:10     | Noticed a death yak
 14291 | D:10     | Noticed a death yak
 14291 | D:10     | Noticed a death yak
 14303 | D:9      | Noticed a tengu warrior
 14568 | D:9      | Noticed a boulder beetle
 15506 | D:9      | Killed a boulder beetle
 15945 | D:10     | Noticed a two-headed ogre
 15954 | D:10     | Killed a two-headed ogre
 16024 | D:10     | Found a staircase to the Lair.
 16108 | D:10     | Reached skill level 5 in Fighting
 16363 | D:10     | Reached XP level 12. HP: 68/81 MP: 0/0
 16590 | D:10     | Noticed a death yak
 16592 | D:10     | Noticed a death yak
 16610 | D:10     | Killed a death yak
 16613 | D:10     | Killed a death yak
 16615 | D:10     | Killed a death yak
 16640 | D:10     | Killed a death yak
 16686 | D:11     | Noticed a two-headed ogre
 16711 | D:11     | Found a staircase to the Orcish Mines.
 17031 | D:11     | Killed a two-headed ogre
 17388 | D:11     | Noticed a two-headed ogre
 17903 | D:11     | Killed a two-headed ogre
 19353 | Temple   | Became a worshipper of Makhleb the Destroyer
 19594 | D:12     | Noticed Jorgrun
 20515 | D:13     | Noticed a centaur warrior
 20551 | D:13     | Noticed an eight-headed hydra
 20573 | D:13     | Killed an eight-headed hydra
 20574 | D:13     | Reached skill level 10 in Dodging
 20574 | D:13     | Reached XP level 13. HP: 49/94 MP: 0/0
 20574 | D:13     | Learned a level 5 spell: Lee's Rapid Deconstruction
 20817 | D:13     | Noticed an eight-headed hydra
 20825 | D:13     | Killed an eight-headed hydra
 21045 | D:13     | Identified the +2 robe of Restlessness {Fly rElec Regen+
                  | Slay-2}
 21094 | D:13     | Killed a centaur warrior
 21160 | D:13     | Noticed Josephine
 21167 | D:13     | Killed Josephine
 21221 | D:13     | Reached skill level 10 in Fighting
 21354 | D:12     | Killed Jorgrun
 21860 | Lair:1   | Entered Level 1 of the Lair of Beasts
 21943 | Lair:1   | Reached * piety under Makhleb
 23164 | Lair:2   | Reached ** piety under Makhleb
 23653 | Lair:2   | Reached skill level 5 in Stealth
 23653 | Lair:2   | Reached skill level 5 in Invocations
 23749 | Lair:2   | Found a staircase to the Swamp.
 24163 | Lair:3   | Noticed a catoblepas
 24177 | Lair:3   | Reached skill level 13 in Spellcasting
 24197 | Lair:3   | Killed a catoblepas
 24259 | Lair:3   | Reached XP level 14. HP: 61/103 MP: 0/0
 24987 | Lair:3   | Noticed Sonja
 24996 | Lair:3   | Killed Sonja
 25062 | Lair:3   | Found a hole to the Spider Nest.
 25402 | Lair:4   | Reached skill level 14 in Spellcasting
 25633 | Lair:4   | Reached *** piety under Makhleb
 26480 | Lair:4   | Found the +3 pair of seven-league boots {Rampage+∞}
 26743 | Lair:5   | Found a staircase to the Slime Pits.
 26879 | Lair:5   | HP: 3/103 [eight-headed hydra (11)]
 27050 | Lair:5   | Reached **** piety under Makhleb
 27494 | Lair:5   | Reached XP level 15. HP: 103/111 MP: 0/0
 27494 | Lair:5   | Learned a level 6 spell: Conjure Ball Lightning
 28053 | Lair:6   | Entered Level 6 of the Lair of Beasts
 28378 | Lair:5   | Reached skill level 15 in Spellcasting
 28512 | Lair:6   | Reached ***** piety under Makhleb
 28728 | Lair:6   | Gained mutation: You have a pair of small horns on your
                  | head. [potion of mutation]
 28729 | Lair:6   | Lost mutation: You have a pair of small horns on your head.
                  | [potion of mutation]
 28729 | Lair:6   | Gained mutation: You have a somewhat thin skeletal
                  | structure. (Dex +2, Stealth+) [potion of mutation]
 28729 | Lair:6   | Gained mutation: You have sharp fingernails. [potion of
                  | mutation]
 28729 | Lair:6   | Gained mutation: Your mind is acute. (Int +2) [potion of
                  | mutation]
 28769 | Lair:6   | Reached skill level 16 in Spellcasting
 29170 | Lair:6   | Reached XP level 16. HP: 84/116 MP: 0/0
 30213 | Orc:1    | Entered Level 1 of the Orcish Mines
 30349 | Orc:2    | Entered Level 2 of the Orcish Mines
 30547 | Orc:2    | Found a staircase to the Elven Halls.
 30827 | Orc:2    | Reached ****** piety under Makhleb
 30907 | Orc:2    | Found Vafeji's Weapon Emporium.
 30907 | Orc:2    | Found Ceyntuap's Jewellery Shop.
 30909 | Orc:2    | Found Tewkuyse's Antique Armour Shop.
 30909 | Orc:2    | Found Ojisif's Assorted Antiques.
 30937 | Orc:2    | Bought a scroll labelled LIUSTO SAIDYDD for 31 gold pieces
 31098 | Orc:1    | Noticed Gastronok
 31106 | Orc:1    | Killed Gastronok
 31514 | D:14     | Reached skill level 10 in Stealth
 31514 | D:14     | Noticed Frances
 31594 | D:14     | Identified Roxanne's Disquisition on the Mountains
 31594 | D:14     | Noticed Roxanne
 31597 | D:14     | Killed Roxanne
 31597 | D:14     | Noticed Nessos
 31893 | D:14     | Killed Frances
 31898 | D:14     | Killed Nessos
 32057 | D:14     | Found Luquud's Weapon Shop.
 32138 | D:14     | Noticed a storm dragon
 32316 | D:14     | Reached skill level 1 in Shields
 32416 | D:14     | Killed a storm dragon
 32471 | D:14     | Reached XP level 17. HP: 122/123 MP: 0/0
 32471 | D:14     | Learned a level 6 spell: Starburst
 32651 | D:13     | Reached skill level 5 in Shields
 33348 | D:14     | Found a gate to the Vaults.
 33383 | D:15     | Entered Level 15 of the Dungeon
 33688 | D:15     | Found a staircase to the Depths.
 34309 | D:10     | Found a hazy altar of Hepliaklqana.
 34310 | D:10     | Found a faded altar of an unknown god.
 34691 | Spider:1 | Entered Level 1 of the Spider Nest
 35723 | Spider:1 | Noticed Asterion
 35731 | Spider:1 | Killed Asterion
 35922 | Spider:1 | Reached skill level 15 in Dodging
 36429 | Spider:2 | Reached XP level 18. HP: 132/134 MP: 0/0
 36937 | Orc:2    | Bought a ring of see invisible for 255 gold pieces
 38890 | Spider:4 | Entered Level 4 of the Spider Nest
 39072 | Spider:3 | Reached skill level 10 in Invocations
 39614 | Spider:4 | HP: 6/135 [meliai/divine providence (16)]
 39753 | Spider:4 | Reached XP level 19. HP: 133/140 MP: 0/0
 39753 | Spider:4 | Learned a level 7 spell: Haunt
 39884 | Spider:4 | Reached skill level 17 in Spellcasting
 40549 | Spider:4 | Noticed Louise
 40561 | Spider:4 | Killed Louise
 40606 | Spider:4 | Got a gossamer rune of Zot
 40767 | Spider:3 | Identified the +0 leather armour of Koavax {-Tele Will+++
                  | Regen+ Int+4}
 40889 | Swamp:1  | Entered Level 1 of the Swamp
 41798 | Swamp:2  | Noticed a tentacled monstrosity
 41807 | Swamp:2  | Killed a tentacled monstrosity
 41948 | Swamp:2  | Reached skill level 18 in Spellcasting
 42133 | Swamp:2  | Found an ornate altar of the Wu Jian Council.
 42841 | Swamp:4  | Entered Level 4 of the Swamp
 42847 | Swamp:4  | Reached XP level 20. HP: 147/147 MP: 0/0
 42888 | Swamp:4  | Reached skill level 19 in Spellcasting
 43040 | Swamp:4  | Got a decaying rune of Zot
 43057 | Swamp:4  | Noticed a tentacled monstrosity
 43067 | Swamp:4  | Killed a tentacled monstrosity
 43218 | Swamp:4  | Identified the +1 chain mail "Kouxuc" {Str+3}
 43610 | Vaults:1 | Entered Level 1 of the Vaults
 44211 | Vaults:1 | Reached skill level 20 in Spellcasting
 44479 | Vaults:1 | Reached XP level 21. HP: 143/153 MP: 0/0
 44479 | Vaults:1 | Learned a level 7 spell: Storm Form
 44556 | Vaults:1 | Reached skill level 1 in Unarmed Combat
 44696 | Vaults:1 | Found a transporter.
 44711 | Vaults:1 | Noticed Nikola
 44711 | Vaults:1 | Found a transporter.
 44868 | Vaults:1 | Identified the +1 battleaxe of the Many Continents
                  | {protect, Int+6}
 44913 | Vaults:1 | Killed Nikola
 45184 | Vaults:2 | Reached skill level 5 in Unarmed Combat
 45472 | Vaults:2 | Found a staircase to the Crypt.
 45754 | Vaults:2 | Noticed Frederick
 45768 | Vaults:2 | Killed Frederick
 46280 | Vaults:2 | HP: 3/153 [war gargoyle/+1 great mace of holy wrath[a
                  | peacekeeper] (45)]
 46282 | Vaults:2 | Demolished by a war gargoyle

Illustrated notes

Levels and vault maps discovered:
D:1:      dpeg_arrival_leaves_temple_mockup, layout_loops_ring,
          roderic_lattice_a
D:2:      layout_basic, minmay_misc_feat_encased
D:3:      layout_rooms
D:4:      layout_loops_ring, evilmike_ruin_ashenzari, kennysheep_mini,
          grunt_ministairs_4
D:5:      wad_crossroads, layout_gridville, minmay_temple_entry_statues_pillars,
          gammafunk_ghost_arena, serial_shops, kennysheep_little_box
D:6:      layout_loops_cross, gammafunk_temple_overflow_arena,
          mainiacjoe_overflow_24_doors, gammafunk_ghost_hive
D:7:      layout_loops_corners, chequers_ossuary_entry_cave,
          hangedman_glass_garden
D:8:      layout_loops_ring, fedhas_altar_3, hangedman_misty_isle
D:9:      layout_rooms, minivault_14, minmay_pinched_square
D:10:     layout_basic, nicolae_tso_carved_into_rock,
          beargit_hepliaklqana_dungeon_heroes, dpeg_lair_monsters,
          dk_noncrumbling_3, chequers_serial_rivers_micro_d, billiards_dpeg
D:11:     layout_basic, david_orc_3, minmay_fractal_squares_5
D:12:     layout_loops_cross, uniq_jorgrun
D:13:     layout_rooms, uniq_josephine
D:14:     evilmike_diamond_1, layout_basic, david_vaults_4, serial_shops, shop,
          uniq_nessos, uniq_frances, uniq_roxanne
D:15:     hangedman_depths_entry_civil_slaughter, layout_loops_ring,
          minmay_misc_feat_pillars
Temple:   eino_temple_lava
Lair:1:   layout_loops_ring, lemuel_fruit_tree
Lair:2:   layout_concentric_octagons, nicolae_swamp_entry_splash_gauntlet,
          minmay_lair_oklob_bushes, lemuel_fruit_fields
Lair:3:   layout_layer_cave, hellmonk_spider_entry_life_and_decay,
          grunt_megastairs_5, infiniplex_staircase_pool_2, uniq_sonja
Lair:4:   layout_layer_cave, enter_volcano_2,
          hellmonk_guarded_unrand_seven_league_boots, serial_bayou_shore_a
Lair:5:   layout_roguey [special_room_bee], minmay_slime_entry_pillars,
          minmay_shattered_shrine
Lair:6:   minmay_lair_end_enchanted_forest, layout_cave_pods,
          serial_bayou_pond_a, st_stairs_5, serial_bayou_shore_b,
          grunt_megastairs_3
Swamp:1:  layout_falls_marsh, serial_swamp_ruin, evilmike_swamp_ruin_house_1,
          evilmike_swamp_ruin_rubble_1, swamp_pool4, nicolae_swamp_fairy_circle
Swamp:2:  layout_basic_swamp, nicolae_swamp_godswood
Swamp:3:  layout_basic_swamp, infiniplex_staircase_pool
Swamp:4:  swamp, layout_basic_swamp
Spider:1: layout_chambers, uniq_asterion
Spider:2: layout_spider_delve
Spider:3: layout_chambers, nicolae_spider_paper_wasps
Spider:4: hellmonk_spider_rune_bug_friends, uniq_louise
Orc:1:    layout_caves, uniq_gastronok
Orc:2:    grunt_orc_tribal_feast, layout_caves
Vaults:1: v_misc_3, nicolae_vaults_little_squares_3,
          hangedman_vaults_variations, v_misc_18, vaults_dpeg_cross, v_rooms_4,
          vaults_room_semicircle, v_misc_19, v_misc_9,
          ontoclasm_vaults_misaligned, serial_ice_h, gammafunk_sealed_arena,
          nicolae_vaults_little_squares_4, vaults_dpeg_diagonal,
          nicolae_vaults_inception_corners, nicolae_vaults_rhombus_6,
          vaults_dpeg_ring, layout_vaults_maze_snakey, uniq_nikola
Vaults:2: vaults_room_door_hall, minmay_crypt_entry_simple_box,
          nicolae_vaults_little_squares_6, v_pattern_1, v_misc_9,
          vaults_room_fours, layout_vaults_quadrants, uniq_frederick

Skill      XL: |  1  2  3  4  5  6  7  8  9 10 11 12 13 14 15 16 17 18 19 20 21 |
---------------+----------------------------------------------------------------+-----
Spellcasting   | 3 4 5 6 7 9 11 12 13 14 16 18 20 | 20.0
Fighting       | 3 4 5 9 10 11 13 14 | 14.4
Dodging        | 5 6 10 11 12 13 15 | 15.8
Stealth        | 5 6 10 | 10.6
Invocations    | 5 10 | 10.0
Shields        | 3 5 |  5.5
Unarmed Combat | 8 |  8.2

Action                   |  1- 3 |  4- 6 |  7- 9 | 10-12 | 13-15 | 16-18 | 19-21 || total
-------------------------+-------+-------+-------+-------+-------+-------+-------++-------
Melee: Unarmed           |       |       |     1 |     4 |     1 |       |   111 ||   117
       Staff             |       |       |       |       |    15 |     9 |     8 ||    32
       Punch             |       |       |       |       |       |     1 |    10 ||    11
 Cast: Foxfire           |   107 |    65 |   175 |   323 |   136 |     3 |       ||   809
       Scorch            |       |       |    43 |   103 |    93 |    16 |       ||   255
       Conjure Flame     |       |       |     6 |    20 |     2 |     1 |       ||    29
       Sandblast         |       |       |     1 |     9 |       |       |       ||    10
       Sticky Flame      |       |       |     7 |    77 |   131 |    31 |    10 ||   256
       Flame Wave        |       |       |       |     3 |    10 |     4 |       ||    17
       Lee's Rapid Decon |       |       |       |       |   159 |   339 |    10 ||   508
       Silence           |       |       |       |       |     1 |       |       ||     1
       Conjure Ball Ligh |       |       |       |       |     7 |   106 |     9 ||   122
       Starburst         |       |       |       |       |       |    64 |   297 ||   361
       Haunt             |       |       |       |       |       |       |    24 ||    24
       Storm Form        |       |       |       |       |       |       |    11 ||    11
Invok: Lesser Servant of |       |       |       |       |       |     1 |       ||     1
 Abil: Blinkbolt         |       |       |       |       |       |       |     2 ||     2
  Use: Scroll            |       |       |       |    24 |     8 |     5 |       ||    37
       Potion            |       |       |       |     4 |     5 |     1 |     1 ||    11
 Stab: Distracted        |       |       |       |       |       |     1 |       ||     1
       Sleeping          |       |       |       |       |       |       |     2 ||     2
Armor: Robe              |     5 |     3 |     6 |    14 |   142 |    42 |    34 ||   246
       Steam dragon scal |       |       |       |    52 |       |       |       ||    52
       Skin              |       |       |       |     2 |       |       |    27 ||    29
Dodge: Dodged            |     4 |    23 |    20 |   122 |   428 |   175 |   309 ||  1081
Block: Buckler           |       |       |       |       |       |    98 |   118 ||   216
       Reflection        |       |       |       |       |       |     4 |    13 ||    17
       Other             |       |       |       |       |       |       |    31 ||    31
